 Dungeon Crawl Stone Soup version 0.31.0-32-g396128a36d (webtiles) character file.

Game seed: 16367546329055533991

16 James the Vexing (level 2, 0/23 HPs)
             Began as a Gnoll Hexslinger on Mar 22, 2024.
             Slain by an adder (2 damage)
             ... on level 2 of the Dungeon.
             The game lasted 00:01:10 (1113 turns).

James the Vexing (Gnoll Hexslinger)                 Turns: 1113, Time: 00:01:10

Health: 0/23       AC:  2    Str:  7    XL:     2   Next: 54%
Magic:  5/5        EV: 13    Int: 12    God:
Gold:   34         SH:  0    Dex: 14    Spells: 4/6 levels left

rFire   . . .        b - +0 dagger
rCold   . . .        (no shield)
rNeg    . . .        c - +0 robe
rPois   .            (helmet restricted)
rElec   .            (no cloak)
rCorr   .            (no gloves)
SInv    .            (no boots)
Will    .....        h - amulet of the acrobat
Stlth   +            (no ring)
HPRegen 0.23/turn    (no ring)
MPRegen 0.09/turn

%: acrobat
@: lethally poisoned (0 -> -10)
A: fangs 1, strong nose, distributed training, horns 1, talons 1
a: no special abilities


You were on level 2 of the Dungeon.
You visited 1 branch of the dungeon, and saw 2 of its levels.

You collected 34 gold pieces.

Inventory:

Hand Weapons
 a - a +1 sling
 b - a +0 dagger (weapon)
   (You took it off a kobold on level 1 of the Dungeon)
Armour
 c - a +0 robe (worn)
 d - a +0 scale mail
   (You found it on level 1 of the Dungeon)
 f - a +0 ring mail
   (You found it on level 1 of the Dungeon)
 k - a +0 ring mail
   (You found it on level 1 of the Dungeon)
Jewellery
 h - an amulet of the acrobat (around neck)
   (You found it on level 1 of the Dungeon)
Scrolls
 g - a scroll of poison {!r}
 i - a scroll of brand weapon {unknown}
 j - a scroll of teleportation {unknown}
 l - a scroll of identify {unknown}


   Skills:
 + Level 2.5 Fighting
 + Level 0.5 Short Blades
 + Level 0.5 Long Blades
 + Level 0.5 Axes
 + Level 0.5 Maces & Flails
 + Level 0.5 Polearms
 + Level 0.5 Staves
 + Level 4.5 Ranged Weapons
 + Level 0.5 Throwing
 + Level 0.5 Armour
 + Level 4.5 Dodging
 + Level 0.5 Stealth
 + Level 0.5 Shields
 + Level 0.5 Unarmed Combat
 + Level 2.7 Spellcasting
 + Level 0.3 Conjurations
 + Level 5.3 Hexes
 + Level 0.3 Summonings
 + Level 0.3 Necromancy
 + Level 0.3 Translocations
 + Level 2.0 Fire Magic
 + Level 0.3 Ice Magic
 + Level 0.3 Air Magic
 + Level 0.3 Earth Magic
 + Level 0.3 Alchemy
 + Level 0.6 Invocations
 + Level 0.5 Evocations
 + Level 0.4 Shapeshifting


You had 4 spell levels left.
You knew the following spells:

 Your Spells              Type           Power      Damage    Failure   Level
a - Jinxbite              Hex            28%        N/A       4%          2

Your spell library contained the following spells:

 Spells                   Type           Power      Damage    Failure   Level
 Sigil of Binding         Hex            14%        N/A       9%          3
 Inner Flame              Hex/Fire       10%        N/A       16%         3
 Cause Fear               Hex            7%         N/A       26%         4
 Dimensional Bullseye     Hex/Tloc       4%         N/A       61%         4


Dungeon Overview and Level Annotations

Branches:
Dungeon (2/15)

Altars:


Innate Abilities, Weirdness & Mutations

You have very sharp teeth.
Your uncanny sense of smell can sniff out nearby items.
Your experience applies equally to all skills.
You have a pair of small horns on your head.
You have sharp toenails.


Message History

You kill the kobold!
No target in view!
No target in view!
Things that are here:
3 stones; a beast talisman Done exploring.
Done exploring.
Search for what [Enter for "."]? .
Unknown command.
There is a stone staircase leading down here.
You climb downwards.
There is a stone staircase leading up here.
An adder comes into view.
The adder hisses angrily.
A frilled lizard comes into view.
You shoot a sling bullet.
The sling bullet closely misses the adder.
The frilled lizard hisses angrily.
You hear a shout!
You shoot a sling bullet.
The sling bullet closely misses the adder.
The adder misses you. The adder barely misses you.
b - a +0 dagger (weapon)
You closely miss the adder. The adder closely misses you.
A goblin comes into view. It is wielding a +2 dagger of venom.
The adder bites you.
You hit the adder. You bite the adder, but do no damage.
The adder barely misses you.
You hit the adder. The adder barely misses you.
You hit the adder. The adder bites you.
You hit the adder. The adder bites you. x2
You are poisoned.
The adder poisons you!
You closely miss the adder. Your punch misses the adder.
You feel sick. The adder bites you.
* * * LOW HITPOINT WARNING * * *
You are more poisoned.
The adder poisons you!
You closely miss the adder. You bite the adder, but do no damage.
* * * LOW HITPOINT WARNING * * *
You feel sick. The adder bites you.
* * * LOW HITPOINT WARNING * * *
You are more poisoned.
The adder poisons you!
Sorry, you're not good enough to have a special ability.
It was a potion of mutation.
You feel extremely strange.
Your toenails lengthen and sharpen.
A pair of horns grows on your head!
* * * LOW HITPOINT WARNING * * *
You feel very sick. The adder bites you.
You die...

##################
.......<..@Sl.....
########.###g.####
#.# .... #.# .###
#.# .. #.# ## #.#
∆# #.# #.#


You could see an adder, a goblin and a frilled lizard.

Vanquished Creatures
  2 endoplasms (D:1)
  A giant cockroach (D:1)
  A hobgoblin (D:1)
  3 quokkas (D:1)
  A bat (D:1)
  5 kobolds (D:1)
  2 rats (D:1)
15 creatures vanquished.

Notes
Turn   | Place    | Note
-------+----------+-------------------------------------------
     0 | D:1      | James the Gnoll Hexslinger began the quest for the Orb.
     0 | D:1      | Reached XP level 1. HP: 17/17 MP: 4/4
   375 | D:1      | Reached XP level 2. HP: 17/23 MP: 5/5
   475 | D:1      | Learned a level 2 spell: Jinxbite
  1113 | D:2      | Gained mutation: You have sharp toenails. [potion of
                  | mutation]
  1113 | D:2      | Gained mutation: You have a pair of small horns on your
                  | head. [potion of mutation]
  1113 | D:2      | Slain by an adder

Illustrated notes

Levels and vault maps discovered:
D:1:      mrwooster_arrival_statue_3, layout_basic
D:2:      layout_loops_ring, st_stairs_10, minmay_surrounded, uniq_jessica,
          uniq_sigmund

Skill      XL: |  1 |
---------------+----+-----
Fire Magic     | 2 |  2.0
Fighting       | |  2.5
Short Blades   | |  0.5
Long Blades    | |  0.5
Axes           | |  0.5
Maces & Flails | |  0.5
Polearms       | |  0.5
Staves         | |  0.5
Ranged Weapons | |  4.5
Throwing       | |  0.5
Armour         | |  0.5
Dodging        | |  4.5
Stealth        | |  0.5
Shields        | |  0.5
Unarmed Combat | |  0.5
Spellcasting   | |  2.7
Conjurations   | |  0.3
Hexes          | |  5.3
Summonings     | |  0.3
Necromancy     | |  0.3
Translocations | |  0.3
Ice Magic      | |  0.3
Air Magic      | |  0.3
Earth Magic    | |  0.3
Alchemy        | |  0.3
Invocations    | |  0.6
Evocations     | |  0.5
Shapeshifting  | |  0.4

Action                     || total
---------------------------++-------
  Melee: Dagger            ||     8
         Bite              ||     2
   Fire: Sling             ||    50
    Use: Potion            ||     1
 Armour: Robe              ||    17
  Dodge: Dodged            ||    16
